 Dungeon Crawl Stone Soup version 0.30.1-3-gfc49f6343a (webtiles) character file.

Game seed: 1611339519996188833

1477 Pepete the Covert (level 8, -1/61 HPs)
             Began as a Gnoll Wanderer on July 28, 2023.
             Was an Initiate of Gozag.
             Slain by a killer bee (6 damage)
             ... on level 8 of the Dungeon.
             The game lasted 00:11:57 (9898 turns).

Pepete the Covert (Gnoll Wanderer)                  Turns: 9898, Time: 00:11:58

Health: -1/61      AC: 21    Str: 13    XL:     8   Next: 79%
Magic:  13/13      EV:  7    Int: 12    God:    Gozag
Gold:   279        SH:  0    Dex: 12    Spells: 14/14 levels left

rFire   . . .        x - +1 sling (flame)
rCold   . . .        (no shield)
rNeg    . . .        n - +0 chain mail
rPois   +            B - +2 hat
rElec   .            C - +0 cloak
rCorr   .            d - +0 pair of gloves
SInv    .            F - +2 pair of boots
Will    .....        l - amulet of the acrobat
Stlth   +            y - ring of poison resistance
HPRegen 0.30/turn    p - +4 ring of protection
MPRegen 0.13/turn

%: acrobat
@: lethally poisoned (-1 -> -3), gold aura
A: fangs 1, strong nose, distributed training, horns 1
a: Renounce Religion, Potion Petition, Call Merchant, Bribe Branch


You were on level 8 of the Dungeon.
You worshipped Gozag.
Gozag was aware of your devotion.
You visited 2 branches of the dungeon, and saw 9 of its levels.

You collected 403 gold pieces.
You paid 124 gold pieces to Gozag.

Inventory:

Hand Weapons
 a - a +2 dagger
 c - a +0 short sword
 x - a +1 sling of flaming (weapon)
Missiles
 b - 6 curare-tipped darts
 v - 2 throwing nets
 z - 8 poisoned darts
 G - 3 atropa-tipped darts
Armour
 d - a +0 pair of gloves (worn)
 f - a +0 robe
 n - a +0 chain mail (worn)
 B - a +2 hat (worn)
 C - a +0 cloak (worn)
 F - a +2 pair of boots (worn)
Jewellery
 l - an amulet of the acrobat (around neck)
 p - a +4 ring of protection (right hand)
 u - a ring of ice
 y - a ring of poison resistance (left hand)
Scrolls
 e - 3 scrolls of blinking
 g - a scroll of brand weapon
 h - a scroll of amnesia
 i - 2 scrolls of poison
 k - a scroll of teleportation
 q - a scroll of fear
 r - a scroll of enchant weapon
 s - 2 scrolls of vulnerability
 t - a scroll of immolation {unknown}
 A - a scroll of identify
 D - a scroll of magic mapping {unknown}
Potions
 j - 3 potions of curing
 o - a potion of flight {unknown}
 w - a potion of heal wounds {unknown}
 E - a potion of might {unknown}
 H - a potion of degeneration {unknown}


   Skills:
 + Level 4.5 Fighting
 + Level 6.0 Short Blades
 + Level 3.7 Long Blades
 + Level 3.7 Axes
 + Level 3.7 Maces & Flails
 + Level 3.7 Polearms
 + Level 3.7 Staves
 + Level 3.7 Ranged Weapons
 + Level 6.0 Throwing
 + Level 4.5 Armour
 + Level 3.7 Dodging
 + Level 8.7 Stealth
 + Level 3.7 Shields
 + Level 3.7 Unarmed Combat
 + Level 3.7 Spellcasting
 + Level 3.0 Conjurations
 + Level 3.0 Hexes
 + Level 3.0 Summonings
 + Level 3.0 Necromancy
 + Level 3.0 Translocations
 + Level 3.0 Transmutations
 + Level 3.0 Fire Magic
 + Level 3.0 Ice Magic
 + Level 3.0 Air Magic
 + Level 3.0 Earth Magic
 + Level 3.0 Poison Magic
 + Level 4.1 Invocations
 + Level 3.7 Evocations


You had 14 spell levels left.
You didn't know any spells.
Your spell library contained the following spells:

 Spells                   Type           Power      Damage    Failure   Level
 Shock                    Conj/Air       36%        1d5       73%         1
 Blink                    Tloc           18%        N/A       86%         2
 Ensorcelled Hibernation  Hex/Ice        18%        N/A       86%         2
 Lesser Beckoning         Tloc           18%        N/A       86%         2
 Momentum Strike          Conj/Tloc      18%        3d8       86%         2
 Passwall                 Tmut/Erth      7%         N/A       86%         2
 Swiftness                Air            9%         N/A       97%         3
 Airstrike                Air            4%         2d(1-17)  100%        4


Dungeon Overview and Level Annotations

Branches:
Dungeon (8/15)             Temple (1/1) D:7
   Lair: D:8-11

Altars:
Cheibriados
Dithmenos
Elyvilon
Fedhas
Gozag
Hepliaklqana
Kikubaaqudgha
Makhleb
Nemelex Xobeh
Okawaru
Qazlal
Ru
Sif Muna
Trog
Wu Jian
Xom
Yredelemnul
Zin
The Shining One

Shops:
D:2 =

Annotations:
D:4 1 runed translucent door, Crazy Yiuf


Innate Abilities, Weirdness & Mutations

You have very sharp teeth.
Your uncanny sense of smell can sniff out nearby items.
Your experience applies equally to all skills.
You have a pair of small horns on your head.


Message History

You feel very sick. The killer bee barely misses you.
The killer bee stings you but does no damage.
The orc hits you with a +0 mace.
* * * LOW HITPOINT WARNING * * *
The killer bee stings you.
* * * LOW HITPOINT WARNING * * *
The orc hits you but does no damage. The killer bee barely misses you.
Unknown command.
You don't know any spells.
Fire: x) +1 sling (flame)
Press: ? - help, Shift-Dir - straight line, f/p - killer bee
Aim: a killer bee (29% to hit)
You shoot a sling bullet. The sling bullet hits the killer bee.
The sling bullet burns the killer bee.
The killer bee is lightly wounded.
You feel very sick. The killer bee closely misses you.
The killer bee stings you but does no damage.
The orc is distracted by your dazzling golden aura.
The killer bee stings you but does no damage.
The orc shouts!
You don't know any spells.
Fire: x) +1 sling (flame)
Press: ? - help, Shift-Dir - straight line, f/p - killer bee
Aim: a killer bee (lightly wounded, 29% to hit)
You shoot a sling bullet. The sling bullet hits the killer bee.
The sling bullet burns the killer bee.
The killer bee is heavily wounded.
You feel sick.
The killer bee stings you but does no damage. x3
You don't know any spells.
Fire: x) +1 sling (flame)
Press: ? - help, Shift-Dir - straight line, f/p - killer bee
Aim: a killer bee (heavily wounded, 29% to hit)
You shoot a sling bullet.
The sling bullet barely misses the killer bee.
You feel sick. The killer bee stings you.
You die...
Your body crumbles into a pile of gold.

∆ # ## #.
.#
#.###(#
#..#..
#####.y.#
?.....$@#
......#o#
##### #.#
... ...
##.## #.#
#.#


You could see a killer bee and an orc.

Vanquished Creatures
  Edmund (D:6)
  Duvessa (D:7)
  An ice beast (D:6)
  4 ogres
  A phantom (D:6)
  2 bullfrogs
  A kobold brigand (D:6)
  A scorpion (D:6)
  Dowan (D:7)
  A killer bee (D:8)
  2 hounds
  A jelly (D:6)
  3 iguanas (D:6)
  Jessica (D:2)
  2 orc wizards
  3 gnolls (D:7)
  4 adders
  A shadow imp (D:5)
  2 white imps (D:6)
  2 ufetubi
  A worm (D:4)
  A dart slug (D:4)
  8 orcs
  7 ball pythons
  3 endoplasms
  2 giant cockroaches
  12 goblins
  7 hobgoblins
  2 jackals (D:1)
  5 quokkas
  3 bats
  3 frilled lizards
  8 kobolds
  4 rats
101 creatures vanquished.

Notes
Turn   | Place    | Note
-------+----------+-------------------------------------------
     0 | D:1      | Pepete the Gnoll Wanderer began the quest for the Orb.
     0 | D:1      | Pepete set off with the following items: a +2 dagger, 2
                  | curare-tipped darts, a +0 short sword, a +0 pair of gloves,
                  | a scroll of blinking, a +0 robe.
     0 | D:1      | Reached XP level 1. HP: 17/17 MP: 1/1
   182 | D:1      | Reached XP level 2. HP: 20/23 MP: 2/2
   338 | D:1      | Found a faded altar of an unknown god.
   926 | D:2      | Reached XP level 3. HP: 27/28 MP: 3/3
   943 | D:2      | Found Denaorphe's Jewellery Shop.
  1157 | D:2      | Reached skill level 1 in Invocations
  1196 | D:2      | Reached skill level 1 in Long Blades
  1196 | D:2      | Reached skill level 1 in Axes
  1196 | D:2      | Reached skill level 1 in Maces & Flails
  1196 | D:2      | Reached skill level 1 in Polearms
  1196 | D:2      | Reached skill level 1 in Staves
  1196 | D:2      | Reached skill level 1 in Ranged Weapons
  1196 | D:2      | Reached skill level 1 in Dodging
  1196 | D:2      | Reached skill level 1 in Shields
  1196 | D:2      | Reached skill level 1 in Unarmed Combat
  1196 | D:2      | Reached skill level 1 in Spellcasting
  1196 | D:2      | Reached skill level 1 in Evocations
  1465 | D:2      | Noticed Jessica
  1474 | D:2      | Killed Jessica
  1475 | D:2      | Reached XP level 4. HP: 34/34 MP: 5/5
  1485 | D:2      | Reached skill level 1 in Conjurations
  1485 | D:2      | Reached skill level 1 in Hexes
  1485 | D:2      | Reached skill level 1 in Summonings
  1485 | D:2      | Reached skill level 1 in Necromancy
  1485 | D:2      | Reached skill level 1 in Translocations
  1485 | D:2      | Reached skill level 1 in Transmutations
  1485 | D:2      | Reached skill level 1 in Fire Magic
  1485 | D:2      | Reached skill level 1 in Ice Magic
  1485 | D:2      | Reached skill level 1 in Air Magic
  1485 | D:2      | Reached skill level 1 in Earth Magic
  1485 | D:2      | Reached skill level 1 in Poison Magic
  2226 | D:3      | Found a hazy altar of Hepliaklqana.
  2743 | D:3      | Reached XP level 5. HP: 33/40 MP: 7/7
  3528 | D:4      | Found a stormy altar of Qazlal.
  3755 | D:4      | Found an ornate altar of the Wu Jian Council.
  3755 | D:4      | Found a shimmering blue altar of Sif Muna.
  3834 | D:4      | Reached skill level 8 in Stealth
  4129 | D:4      | Found a runed translucent door.
  4130 | D:4      | Noticed Crazy Yiuf
  4476 | D:4      | Found a sacrificial altar of Ru.
  4478 | D:4      | Found a white marble altar of Elyvilon.
  4560 | D:4      | Noticed an ogre
  4572 | D:4      | Killed an ogre
  4573 | D:4      | Reached skill level 5 in Short Blades
  4573 | D:4      | Reached skill level 5 in Throwing
  4573 | D:4      | Reached XP level 6. HP: 17/47 MP: 7/9
  4873 | D:5      | Entered Level 5 of the Dungeon
  5264 | D:5      | Found a burning altar of Makhleb.
  6051 | D:6      | Reached XP level 7. HP: 48/52 MP: 10/10
  6367 | D:6      | Noticed Edmund
  6388 | D:6      | Killed Edmund
  7169 | D:6      | Reached XP level 8. HP: 21/60 MP: 12/12
  8087 | D:6      | Found a glowing silver altar of Zin.
  8090 | D:6      | Found a shadowy altar of Dithmenos.
  8098 | D:6      | Found a shimmering altar of Xom.
  8098 | D:6      | Found a bloodstained altar of Trog.
  8105 | D:6      | Found a sparkling altar of Nemelex Xobeh.
  8554 | D:7      | Noticed Duvessa
  8564 | D:7      | Killed Duvessa
  8565 | D:7      | Noticed Dowan
  8597 | D:7      | Gained mutation: You have a pair of small horns on your
                  | head. [potion of mutation]
  8602 | D:7      | Killed Dowan
  8947 | D:7      | Identified the +10 spear of Moderation {flame, Will+ Str-5
                  | Int+2}
  9168 | D:7      | Found a staircase to the Ecumenical Temple.
  9193 | D:7      | Noticed a troll
  9225 | Temple   | Entered the Ecumenical Temple
  9377 | Temple   | Became a worshipper of Gozag Ym Sagoz the Greedy
  9898 | D:8      | Slain by a killer bee

Illustrated notes

Levels and vault maps discovered:
D:1:      dpeg_arrival_stone_temple_mockup, layout_basic,
          ebering_ecumenical_altar_mist, corexii_hall_statues_i
D:2:      layout_loops_ring, serial_shops, nicolae_shop_hallway_plus,
          kennysheep_jessica_study
D:3:      layout_basic, lemuel_crystal_altar, corexii_leaking_fountain,
          minmay_misc_feat_iff, st_stairs_1, minmay_goblin_outpost
D:4:      layout_cave_pools, nicolae_overflow_hidden_temple, lemuel_tele_altar,
          serial_bayou_ford_a, small_statue_intersection,
          uniq_crazy_yiuf_cottage
D:5:      layout_basic, lemuel_crystal_altar
D:6:      layout_loops_ring, nicolae_overflow_hallway_of_the_gods,
          serial_rivers, chequers_serial_rivers_micro_e,
          chequers_serial_rivers_micro_e, chequers_serial_rivers_small_3,
          chequers_serial_rivers_small_b, uniq_edmund
D:7:      layout_basic, temple_green, uniq_duvessa
D:8:      layout_loops_ring, lair_entry_dummy, uniq_grum
Temple:   hellmonk_temple_two_chambers

Skill      XL: |  1  2  3  4  5  6  7  8 |
---------------+-------------------------+-----
Invocations    | 1 2 3 4 |  4.1
Long Blades    | 1 2 3 |  3.7
Axes           | 1 2 3 |  3.7
Maces & Flails | 1 2 3 |  3.7
Polearms       | 1 2 3 |  3.7
Staves         | 1 2 3 |  3.7
Ranged Weapons | 1 2 3 |  3.7
Dodging        | 1 2 3 |  3.7
Shields        | 1 2 3 |  3.7
Unarmed Combat | 1 2 3 |  3.7
Spellcasting   | 1 2 3 |  3.7
Evocations     | 1 2 3 |  3.7
Conjurations   | 1 2 3 |  3.0
Hexes          | 1 2 3 |  3.0
Summonings     | 1 2 3 |  3.0
Necromancy     | 1 2 3 |  3.0
Translocations | 1 2 3 |  3.0
Transmutations | 1 2 3 |  3.0
Fire Magic     | 1 2 3 |  3.0
Ice Magic      | 1 2 3 |  3.0
Air Magic      | 1 2 3 |  3.0
Earth Magic    | 1 2 3 |  3.0
Poison Magic   | 1 2 3 |  3.0
Fighting       | 3 4 |  4.5
Armour         | 3 4 |  4.5
Stealth        | 8 |  8.7
Short Blades   | 5 6 |  6.0
Throwing       | 5 6 |  6.0

Action                     |  1- 3 |  4- 6 |  7- 9 || total
---------------------------+-------+-------+-------++-------
  Melee: Dagger            |   128 |   135 |       ||   263
         Bite              |     8 |     8 |     9 ||    25
         Punch             |       |     1 |     1 ||     2
         Short sword       |       |       |    60 ||    60
         Sling             |       |       |     3 ||     3
         Headbutt          |       |       |     1 ||     1
   Fire: Sling             |       |   124 |   223 ||   347
    Use: Potion            |       |     1 |     6 ||     7
         Scroll            |       |    10 |     2 ||    12
   Stab: Sleeping          |     3 |       |       ||     3
 Armour: Robe              |    18 |       |       ||    18
         Chain mail        |    15 |   151 |   305 ||   471
         Skin              |       |       |    16 ||    16
  Dodge: Dodged            |    56 |    93 |   155 ||   304
